 Dungeon Crawl Stone Soup version 0.28-a0-1567-g1695149f81 (webtiles) character file.

Game seed: 4706535729034485836

32 southernslant the Skirmisher (level 3, -1/29 HPs)
             Began as a Demonspawn Fighter on Jan 20, 2022.
             Slain by a gnoll (11 damage)
             ... on level 2 of the Dungeon.
             The game lasted 00:02:31 (1510 turns).

southernslant the Skirmisher (Demonspawn Fighter)   Turns: 1510, Time: 00:02:31

Health: -1/29      AC:  7    Str: 18    XL:     3   Next: 10%
Magic:  3/3        EV:  9    Int:  9    God:
Gold:   53         SH:  4    Dex: 12    Spells: 2/2 levels left

rFire   . . .      SeeInvis .   a - +0 trident
rCold   . . .      Faith    .   c - +0 buckler
rNeg    . . .      Spirit   .   b - +0 scale mail
rPois   .          Reflect  .   (no helmet)
rElec   .          Harm     .   (no cloak)
rCorr   .          Rampage  .   j - +0 pair of gloves
Will    .....                   (no boots)
Stlth   ..........              (no amulet)
HPRegen 0.09/turn               (no ring)
MPRegen 0.08/turn               (no ring)

@: no status effects
A: hooves 2
a: no special abilities


You were on level 2 of the Dungeon.
You visited 1 branch of the dungeon, and saw 2 of its levels.

You collected 53 gold pieces.

Inventory:

Hand Weapons
 a - a +0 trident (weapon)
Missiles
 g - 2 atropa-tipped darts
 h - 38 stones (quivered)
Armour
 b - a +0 scale mail (worn)
 c - a +0 buckler (worn)
 j - a +0 pair of gloves (worn)
 k - the +0 robe of Jufufapt {Dex+4}
   (You found it on level 2 of the Dungeon)

   Dex:       It affects your dexterity (+4).
Scrolls
 e - 2 scrolls of identify {unknown}
 f - a scroll of noise {unknown}
 i - a scroll of fog {unknown}
 l - a scroll of immolation {unknown}
 n - a scroll of acquirement {unknown}
Potions
 d - a potion of might
 m - a potion of lignification {unknown}


   Skills:
 + Level 3.2 Fighting
 * Level 2.1 Polearms
 + Level 0.4 Throwing
 + Level 2.8 Armour
 * Level 0.9 Dodging
 + Level 0.7 Stealth
 + Level 2.8 Shields


You had 2 spell levels left.
You didn't know any spells.
Your spell library was empty.

Dungeon Overview and Level Annotations

Branches:
Dungeon (2/15)

Altars:


Innate Abilities, Weirdness & Mutations

You have hoof-like feet.


Message History

The giant cockroach is almost dead.
The giant cockroach bites you but does no damage.
You hit the giant cockroach.
You kill the giant cockroach!
No target in view!
You see here a giant cockroach corpse.
You open the door.
Found a ring mail.
Found a stone staircase leading up.
No target in view!
There is an open door here.
n - a scroll labelled KOZYNO BAFF A gnoll comes into view.
It is wielding a +0 spear.
Found 16 stones.
The gnoll shouts!
You hear a shout!
A gnoll is nearby! 2 gnolls come into view.
The gnoll shouts! x2
A gnoll comes into view. It is wielding a +0 whip.
The gnoll hits you from afar with a +0 spear.
You see here 7 gold pieces.
You reach to attack!
The gnoll shouts!
You hit the gnoll.
The gnoll is lightly wounded.
The gnoll completely misses you. The gnoll hits you with a +0 flail.
You hit the gnoll.
The gnoll is moderately wounded.
The gnoll hits you but does no damage. The gnoll closely misses you.
The gnoll hits you from afar with a +0 spear.
You are too injured to fight recklessly!
You are too injured to fight recklessly!
You are too injured to fight recklessly!
You hit the gnoll.
The gnoll is severely wounded.
The gnoll barely misses you.
The gnoll hits you from afar with a +0 spear.
You closely miss the gnoll.
The gnoll is severely wounded.
The gnoll hits you with a +0 flail!
You die...

#........# #.######.# #.#
#...# ######.# #.###
#......# #.#######
#.###### #.#.....###
#.#########.........#
#.........#....<....#
#..######@#.........#
#..# #g#....[....# ....#
gg#.........# ####.#
..(#.........#
#.#....#.#.........#
#.#....#.#.#...#'###
.......#.#.#####.#
#.#....#.#.#####.########
.....
................†........


You could see 3 gnolls.

Vanquished Creatures
  A dart slug (D:2)
  4 bats
  4 endoplasms
  2 giant cockroaches
  A goblin (D:1)
  3 hobgoblins
  4 quokkas (D:1)
  3 frilled lizards (D:1)
  3 kobolds (D:1)
  3 rats
28 creatures vanquished.

Vanquished Creatures (others)
  12 plants (D:1)
12 creatures vanquished.

Grand Total: 40 creatures vanquished

Notes
Turn   | Place    | Note
-------+----------+-------------------------------------------
     0 | D:1      | southernslant the Demonspawn Fighter began the quest for
                  | the Orb.
     0 | D:1      | Reached XP level 1. HP: 18/18 MP: 1/1
    76 | D:1      | Found a faded altar of an unknown god.
   330 | D:1      | Discovered your monstrous ancestry.
   330 | D:1      | Gained mutation: You have large cloven feet. [demonic
                  | ancestry]
   330 | D:1      | Reached XP level 2. HP: 24/24 MP: 2/2
  1310 | D:2      | Identified the +0 robe of Jufufapt {Dex+4}
  1435 | D:2      | Gained mutation: You have hoof-like feet. [demonic
                  | ancestry]
  1435 | D:2      | Reached XP level 3. HP: 29/29 MP: 3/3
  1510 | D:2      | Slain by a gnoll

Illustrated notes

Levels and vault maps discovered:
D:1:      matt_arrival_spirals, layout_basic,
          shapermc_ecumenical_altar_totnotflames, serial_bayou,
          serial_bayou_pond_a, serial_bayou_shore_a, serial_bayou_shore_b,
          serial_bayou_lagoon_a, serial_bayou_shore_b, serial_bayou_pond_c
D:2:      layout_basic, minmay_misc_feat_square, chequers_jeans

Skill      XL: |  1  2 |
---------------+-------+-----
Polearms       | 2 |  2.1
Fighting       | |  3.2
Throwing       | |  0.4
Armour         | |  2.8
Dodging        | |  0.9
Stealth        | |  0.7
Shields        | |  2.8

Action                   || total
-------------------------++-------
Melee: Trident           ||    83
       Kick              ||     9
Armor: Scale mail        ||    36
Dodge: Dodged            ||    23
Block: Buckler           ||     7

Table legend: (Time is in decaauts)
 A = Elapsed time spent in this place.
 B = Non-inter-level travel time spent in this place.
 C = Inter-level travel time spent in this place.
 D = Time resting spent in this place.
 E = Time spent auto-exploring this place.
 F = Levels seen in this place.
 G = Mean time per level.
                   A        B        C        D        E       F      G
               +--------+--------+--------+--------+--------+-----+--------+
         Total |   1572 |   1519 |     53 |      0 |   1279 |   2 |  786.0 |
       Dungeon |   1572 |   1519 |     53 |      0 |   1279 |   2 |  786.0 |
               +--------+--------+--------+--------+--------+-----+--------+

Top non-repeatable levels by time:
     D:1: 1338 daAuts
     D:2: 234 daAuts
